 Dungeon Crawl Stone Soup version 0.31-a0-986-g5e6e4ef867 (webtiles) character file.

Game seed: 2108954331382001892

1812 Iich the Trooper (level 8, -15/64 HPs)
             Began as a Demonspawn Fighter on Oct 26, 2023.
             Was a Follower of Nemelex Xobeh.
             Killed from afar by a manticore (19 damage)
             ... with a volley of spikes
             ... on level 7 of the Dungeon on Nov 3, 2023.
             The game lasted 00:13:57 (5760 turns).

Iich the Trooper (Demonspawn Fighter)               Turns: 5760, Time: 00:13:58

Health: -15/64     AC: 16    Str: 18    XL:     8   Next: 84%
Magic:  1/1        EV: 31    Int: 10    God:    Nemelex Xobeh [*.....]
Gold:   150        SH:  6    Dex: 17    Spells: 7/7 levels left

rFire   . . .        a - +0 war axe
rCold   . . .        c - +0 buckler
rNeg    . . .        b - +0 scale mail
rPois   .            z - +0 helmet "Xoaloar" {rCorr MP-9 Dex+4}
rElec   .            A - +1 cloak
rCorr   +            (no gloves)
SInv    .            e - +2 pair of boots
Will    .....        o - amulet of the acrobat Stlth
                     g - +5 ring of evasion
HPRegen 0.30/turn    (no ring)
MPRegen 0.14/turn

%: acrobat
@: spiked, on berserk cooldown, acrobatic, slowed, very slow
A: icy blue scales 2, magic regeneration, weakness stinger 1
a: Renounce Religion, Draw Escape, Draw Destruction, Draw Summoning


You were on level 7 of the Dungeon.
You worshipped Nemelex Xobeh.
Nemelex Xobeh was aware of your devotion.
You visited 2 branches of the dungeon, and saw 8 of its levels.
You also visited: Sewer.

You collected 401 gold pieces.
You spent 251 gold pieces at shops.

Inventory:

Hand Weapons
 a - a +0 war axe (weapon)
Armour
 b - a +0 scale mail (worn)
 c - a +0 buckler (worn)
 e - a +2 pair of boots (worn)
 x - a +2 hat
 z - the +0 helmet "Xoaloar" (worn) {rCorr MP-9 Dex+4}
   (You found it on level 6 of the Dungeon)

   Dex+4:     It affects your dexterity (+4).
   MP-9:      It affects your magic capacity (-9).
   rCorr:     It protects you from acid and corrosion.
 A - a +1 cloak (worn)
Jewellery
 g - a +5 ring of evasion (left hand)
 m - an amulet of magic regeneration
 o - an amulet of the acrobat (around neck)
 w - a ring of magical power
Scrolls
 h - a scroll of teleportation {unknown}
 j - a scroll of amnesia
 r - a scroll of enchant weapon
 t - a scroll of poison
 u - a scroll of immolation
 y - a scroll of fear {unknown}
 B - a scroll of noise {unknown}
 C - a scroll of blinking {unknown}
Potions
 d - 2 potions of might
 f - a potion of brilliance
 k - 2 potions of lignification
 n - 3 potions of enlightenment
 p - a potion of attraction
 q - 2 potions of curing
 v - a potion of mutation {unknown}


   Skills:
 + Level 6.3 Fighting
 + Level 5.2 Axes
 - Level 2.6 Armour
 + Level 4.7 Dodging
 + Level 5.6 Shields
 + Level 3.9 Invocations


You had 7 spell levels left.
You didn't know any spells.
Your spell library contained the following spells:

 Spells                   Type           Power      Damage    Failure   Level
 Blink                    Tloc           0%         N/A       92%         2
 Lesser Beckoning         Tloc           0%         N/A       92%         2
 Momentum Strike          Conj/Tloc      0%         3d8       92%         2


Dungeon Overview and Level Annotations

Branches:
Dungeon (7/15)             Temple (1/1) D:5           Sewer (visited)

Altars:
Ashenzari
Cheibriados
Dithmenos
Gozag
Hepliaklqana
Kikubaaqudgha
Makhleb
Nemelex Xobeh
Okawaru
Qazlal
Trog
Uskayaw
Vehumet
Wu Jian
Xom

Shops:
D:4 !=?[   D:6 :


Innate Abilities, Weirdness & Mutations

You are mostly covered in icy blue scales. (AC +3)
You regenerate magic rapidly.
You have a small tail.


Message History

The manticore bites you!
* * * LOW HITPOINT WARNING * * *
The manticore completely misses you. The manticore barely misses you.
The gnoll sergeant hits you but does no damage.
You regained 8 hp, and now have 13/64 hp.
Okay, then.
You draw a card...
You have drawn Exile.
The killer bee is devoured by a tear in reality.
The manticore misses you. The manticore barely misses you.
The manticore closely misses you. You block the gnoll sergeant's attack.
The manticore closely misses you. You block the manticore's attack.
The manticore claws you.
* * * LOW HITPOINT WARNING * * *
You take 5 damage, and have 8/64 hp.
You feel better. The gnoll sergeant closely misses you.
The manticore bites you!
* * * LOW HITPOINT WARNING * * *
The manticore claws you.
* * * LOW HITPOINT WARNING * * *
The manticore claws you.
* * * LOW HITPOINT WARNING * * *
You block the gnoll sergeant's attack. The manticore barely misses you.
The manticore claws you but does no damage.
The manticore closely misses you.
Found 16 gold pieces.
The manticore attacks as it pursues you!
The manticore completely misses you. x2; The manticore misses you.
A bullfrog comes into view.
The bullfrog croaks.
The manticore completely misses you. The manticore claws you!
* * * LOW HITPOINT WARNING * * *
The manticore claws you but does no damage.
You take 7 damage, and have 3/64 hp.
A scorpion comes into view.
The manticore flicks its tail.
The volley of spikes hits you!!
The barbed spikes become lodged in your body.
You die...
Your body glows slightly and disappears.

#.#.#..+
###.#.#.##
..#.#.#.# . #
#.#<#.#.# ..
#.#.###.#.# ...
..##.#.#...§.#....
....s....#~g§.....
.........#yy.#....
..##@.#†#y..#..
#.#####.#o#.#..y.
.....F.H#.#......
#.......o.#..#..#
......##### .# [#
...##. ## #. #


You could see a manticore, an orc warrior and a scorpion.

Vanquished Creatures
  Pikel (D:5)
  An orc warrior (D:6)
  An ice beast (D:7)
  A sky beast (D:7)
  2 black bears (D:6)
  A centaur (D:6)
  An ogre (D:4)
  A lemure (D:5)
  A phantom (D:5)
  2 kobold brigands (Sewer)
  A scorpion (D:6)
  3 killer bees (D:7)
  A hound (D:6)
  3 orc priests
  2 sleepcaps
  An iguana (D:6)
  2 orc wizards
  4 adders
  A river rat (Sewer)
  4 white imps
  2 ufetubi (D:6)
  3 worms
  4 dart slugs
  21 orcs
  5 bats
  4 endoplasms
  5 giant cockroaches
  6 goblins
  7 hobgoblins
  6 jackals
  7 quokkas
  11 ball pythons
  4 frilled lizards
  11 kobolds
  11 rats
141 creatures vanquished.

Notes
Turn   | Place    | Note
-------+----------+-------------------------------------------
     0 | D:1      | Iich the Demonspawn Fighter began the quest for the Orb.
     0 | D:1      | Reached XP level 1. HP: 18/18 MP: 1/1
    53 | D:1      | Upgraded the game from 0.31-a0-965-g8a8ce12e04 to
                  | 0.31-a0-986-g5e6e4ef867
   123 | D:1      | Found a faded altar of an unknown god.
   232 | D:1      | Gained mutation: You are partially covered in icy blue
                  | scales. (AC +2) [demonic ancestry]
   232 | D:1      | Reached XP level 2. HP: 24/24 MP: 2/2
   918 | D:2      | Reached skill level 1 in Dodging
   970 | D:2      | Reached XP level 3. HP: 29/29 MP: 3/3
  1528 | D:2      | Gained mutation: You regenerate magic rapidly. [demonic
                  | ancestry]
  1528 | D:2      | Reached XP level 4. HP: 35/36 MP: 4/4
  1958 | D:3      | Noticed an ogre
  2498 | D:4      | Noticed an ogre
  2561 | D:4      | Killed an ogre
  2562 | D:4      | Reached skill level 4 in Fighting
  2562 | D:4      | Reached XP level 5. HP: 31/42 MP: 5/5
  2621 | D:4      | Found a glowing drain.
  2630 | Sewer    | Entered a sewer
  2719 | Sewer    | HP: 2/42 [kobold brigand/+0 dagger (5)]
  2724 | Sewer    | Reached XP level 6. HP: 5/48 MP: 6/6
  3084 | D:4      | Found Juamifou's Distillery.
  3088 | D:4      | Bought a potion of curing for 42 gold pieces
  3088 | D:4      | Bought a potion of berserk rage for 70 gold pieces
  3088 | D:4      | Bought a potion of curing for 42 gold pieces
  3185 | D:4      | Found Ynavyki's Antique Armour Emporium.
  3222 | D:4      | Found Moeschyde's Jewellery Boutique.
  3248 | D:4      | Found Jomaez's Magic Scroll Shoppe.
  3285 | D:4      | Bought a scroll of enchant armour for 97 gold pieces
  3497 | D:5      | Entered Level 5 of the Dungeon
  3551 | D:5      | Noticed Pikel
  3611 | D:5      | Killed Pikel
  3612 | D:5      | Reached skill level 5 in Fighting
  3612 | D:5      | Gained mutation: You have a small tail. [demonic ancestry]
  3612 | D:5      | Reached XP level 7. HP: 34/56 MP: 7/7
  3897 | D:5      | Found a staircase to the Ecumenical Temple.
  3921 | Temple   | Entered the Ecumenical Temple
  4168 | Temple   | Became a worshipper of Nemelex Xobeh the Trickster
  4314 | D:5      | Gained mutation: You are mostly covered in icy blue scales.
                  | (AC +3) [demonic ancestry]
  4314 | D:5      | Reached XP level 8. HP: 63/63 MP: 8/8
  4698 | D:6      | Found Dis Nar's Book Shoppe.
  4709 | D:6      | Reached skill level 5 in Shields
  4709 | D:6      | Reached skill level 1 in Invocations
  5044 | D:6      | Identified the +0 helmet "Xoaloar" {rCorr MP-9 Dex+4}
  5103 | D:6      | Reached skill level 6 in Fighting
  5113 | D:6      | Reached skill level 5 in Axes
  5278 | D:6      | Reached * piety under Nemelex Xobeh
  5712 | D:7      | Noticed a manticore
  5727 | D:7      | Received a gift from Nemelex Xobeh
  5758 | D:7      | HP: 3/64 [manticore (7)]
  5760 | D:7      | Killed from afar by a manticore

Illustrated notes

Levels and vault maps discovered:
D:1:      psy_arrival_terrarium, layout_loops_corners,
          hellmonk_ecumenical_altar_run_dry, minmay_misc_feat_room,
          minmay_misc_feat_secret_circle, chequers_serial_rivers_micro_a,
          minmay_liquid_box
D:2:      layout_loops_cross, hangedman_decor_push, st_stairs_10,
          minmay_misc_feat_five
D:3:      layout_loops_corners, kennysheep_generic_room_13
D:4:      layout_rooms, serial_shops, nicolae_shop_back_alley_shop,
          nicolae_inconvenience_store, nicolae_shop_back_alley_shop,
          nicolae_shop_rolling_square, portal_sewer_entry_d
D:5:      layout_basic, minmay_temple_entry_stoned_glass, uniq_pikel
D:6:      layout_loops_ring, serial_shops, shop
D:7:      layout_basic, nicolae_overflow_hidden_temple, serial_shops,
          nicolae_shop_tiny_waterfront, minmay_manual_moon, uniq_maggie,
          uniq_jeremiah
Temple:   regret_index_temple_mists

Skill      XL: |  1  2  3  4  5  6  7  8 |
---------------+-------------------------+-----
Axes           | 2 3 4 5 |  5.2
Dodging        | 1 2 3 4 |  4.7
Shields        | 3 4 5 |  5.6
Fighting       | 4 5 6 |  6.3
Invocations    | 3 |  3.9
Armour         | |  2.6

Action                     |  1- 3 |  4- 6 |  7- 9 || total
---------------------------+-------+-------+-------++-------
  Melee: War axe           |   114 |   179 |   167 ||   460
         Tailslap          |       |       |    29 ||    29
 Invoke: Draw Escape       |       |       |     2 ||     2
    Use: Scroll            |     2 |     2 |     3 ||     7
         Potion            |     1 |     5 |     5 ||    11
 Armour: Scale mail        |    71 |   101 |   155 ||   327
         Skin              |       |     7 |       ||     7
  Dodge: Dodged            |    64 |   163 |   187 ||   414
  Block: Buckler           |    21 |    51 |    56 ||   128

Table legend: (Time is in decaauts)
 A = Elapsed time spent in this place.
 B = Non-inter-level travel time spent in this place.
 C = Inter-level travel time spent in this place.
 D = Time resting spent in this place.
 E = Time spent auto-exploring this place.
 F = Levels seen in this place.
 G = Mean time per level.
                   A        B        C        D        E       F      G
               +--------+--------+--------+--------+--------+-----+--------+
         Total |   6083 |   5923 |    160 |    166 |   4001 |   9 |  675.9 |
       Dungeon |   5331 |   5171 |    160 |      0 |   3886 |   7 |  761.6 |
        Temple |    388 |    388 |      0 |      0 |      0 |   1 |  388.0 |
         Sewer |    363 |    363 |      0 |    166 |    115 |   1 |  363.0 |
               +--------+--------+--------+--------+--------+-----+--------+

Top non-repeatable levels by time:
     D:6: 1033 daAuts
     D:5: 965 daAuts
     D:1: 935 daAuts
     D:3: 829 daAuts
     D:4: 794 daAuts
     D:2: 707 daAuts
  Temple: 388 daAuts
   Sewer: 363 daAuts
     D:7: 66 daAuts
